Workbook

Sheet 公告文
A1: 下記の建設工事について、一般競争入札を行いますので、磐田市契約規則(平成17年磐田市規則第32号）第8条
A2: の規定に基づき公告します。
B3: この入札は、静岡県共同利用電子入札システムにより執行する。
C5: 46303
Q6: 磐田市長 草 地 博 昭
A7: 記
A9: 1 | C9: 入札執行者 | L9: 磐 田 市 長 草 地 博 昭
A10: 2 | C10: 入札に付する事項
C11: 1 | E11: 入札番号 | L11: 5142 | M11: 耐震補強工事・老朽改修工事:屋内運動場 鉄骨造平屋建て 725㎡ | N11: 耐震補強工事・老朽改修工事:屋内運動場 鉄骨造平屋建て 725㎡ | O11: 耐震補強工事・老朽改修工事:屋内運動場 鉄骨造平屋建て 725㎡ | P11: 耐震補強工事・老朽改修工事:屋内運動場 鉄骨造平屋建て 725㎡
C12: 2 | E12: 建設工事名 | L12: 令和8年度 | P12: 下岡田鮫島線舗装改良工事
C13: 3 | E13: 建設工事箇所 | L13: 磐田市 | N13: 鮫島 | R13: 地内
C14: 4 | E14: 工事概要等 | L14: 設計図書参照
C15: 5 | E15: 工期 | L15: 46331 | R15: 46444
C16: 6 | E16: 落 札 方 式 | L16: 総合評価落札方式(簡易型Ⅱ）による落札方式
L17: 磐田市建設工事総合評価落札方式実施要綱（平成22年告示第40号。以下「評価
L18: 要綱」という。）に基づき、入札書に記載された金額（以下「入札価格」という。）以外
L19: に、企業および配置予定技術者の技術力等を総合的に勘案して落札者を決定する。
C20: 7 | E20: そ の 他 | L20: 本工事は週休2日推進工事(発注者指定型）とする。
L21: 磐田市週休2日推進工事(土木工事等）実施要領および特記仕様書を確認すること。
A23: 3 | C23: 予定価格（税抜き）
E24: 予定価格 | K24: 18180000
D26: 調査基準価格及び失格基準価格は、低入札価格調査制度実施要綱（平成22年磐田市告示
D27: 第37号）に基づき設定するが、事後公表とする。
D28: 総合評価の方法において、最低価格を設定する。（入札価格が調査基準価格を下回った場合
D29: は、調査基準価格で数値を算出する。）
A31: 4 | C31: 入札に参加する者に必要な資格に関する事項
C32: 磐田市における建設工事競争入札参加資格の認定を受けている者のうち、次に掲げる条件をすべて満たして
C33: いる者であること。
C34: 1 | E34: 地方自治法施行令（昭和22年政令第16号）第167条の4の規定に該当しない者であること。
C35: 2 | E35: 磐田市工事請負契約等に係る入札参加停止等措置要綱（平成21年磐田市告示第41号。「以下「要綱」と
E36: いう。」）に基づく入札参加停止を受けている期間中でないこと。
C37: 3 | E37: 磐田市発注公共工事等に係る暴力団排除措置要綱（平成25年磐田市告示第72号)
E38: に基づく入札排除措置を受けている期間中でないこと。
C39: 4 | E39: 工事の施工に対応して必要な建設業法（昭和24年法律第100号）第26条に規定する技術者を配置できる
E40: 者であること。
C41: 5 | E41: 会社更生法（平成14年法律第154号)に基づき更生手続開始の申立てが成されている者(更生手続開始の
E42: 決定を受けている者を除く。)または民事再生法(平成11年法律第225号)に基づき再生手続開始の申立て
E43: が成されている者(再生手続開始の決定を受けている者を除く。)でないこと。
C44: 6 | E44: 磐田市内に主たる営業所を有する者であることまたは特例市内業者の認定を受けた者であること。
C45: 7 | E45: (6)の営業所が磐田市の入札参加資格者名簿に契約営業所として登録されている者であること。
C46: 8 | E46: 令和8年度磐田市入札参加資格者格付表の舗装工事に格付されている者であること。
C47: 9 | E47: 令和7・8年度磐田市入札参加資格審査申請書提出時の経営規模等評価結果における舗装工事
E48: の年間平均完成工事高が予定価格以上の者、または、過去５か年度(令和3年度～令和7年度）に舗装
E49: 工事における1工事（税抜き、完成並びに引渡しが完了した工事）において、予定価格以上の工事を元請と
E50: して施工した実績を有する者であること。
C51: 10 | E51: 1級舗装施工管理技術者を有している者であること。
A52: 5 提出すべき資料
C53: -1 | D53: 入札参加資格確認申請書(様式第1号。以下「申請書」という。） | T53: と提出する資料は、以下のとおりとする。
C54: ※申請書のみを電送し、総合評価落札方式による技術資料は契約検査課に持参すること。
C55: ※申請書及び4(10)に掲げる施工実績は電送し、総合評価落札方式による技術資料は契約検査課に持参すること。
C56: ※申請書と総合評価落札方式による技術資料は、原則電送とする。
C57: 資料は、静岡県共同利用電子入札システムを使用し、合計容量を３MB程度(目標値)とすること。
A58: 【共通】※必ず提出してください。
C59: ① | D59: 令和８年度 総合評価落札方式 添付書類確認書
A60: 該当する項目に記入又は丸印をつけること。
A61: 【企業の施工能力に関する技術資料】
A62: ② 同種工事の施工実績(様式第4号）
E63: 同種工事 | H63: 過去15か年度に国又は地方公共団体が発注した工事で、表層工を実施した面積が2,082m2以上で交通規制を伴う舗装工事（道路改良工事含む）（道路新設工事・道路築造工事除く）を元請として施工した実績を有すること。 | AC63: 平成20年4月以降に国又は地方公共団体が発注した100ｍ以上の排水工（U型側溝工及びL型側溝を含む）を含む道路（側溝）改良工事（道路新設・道路築造・舗装工事は除く）を元請として施工した実績を有する者
AC64: 平成20年4月以降に国又は地方公共団体が発注した50ｍ以上の排水工（U型側溝工及びL型側溝を含む）を含む道路（側溝）改良工事（道路新設・道路築造・舗装工事は除く）を元請として施工した実績を有する者
AC65: 国又は地方公共団体の公共工事において、平成24年4月以降にＤＩＤ地区内において延長30ｍ以上の土木一式工事を元請として施工した実績を有する者
E66: 類似工事 | H66: 過去15か年度に国又は地方公共団体が発注した工事で、表層工を実施した面積が1,041m2以上で交通規制を伴う舗装工事（道路改良工事含む）（道路新設工事・道路築造工事除く）を元請として施工した実績を有すること。 | AC66: 国又は地方公共団体の公共工事において、平成24年4月以降に延長30ｍ以上の土木一式工事を元請として施工した実績を有する者
AC67: 平成24年4月以降に国又は地方公共団体が発注した工事で、500万円以上の国道、県道又は幹線市道の舗装工事を元請として施工した実績を有する者
AC68: 平成24年4月以降に国又は地方公共団体が発注した工事で、300万円以上の舗装工事を元請として施工した実績を有する者
A69: ③ 週休2日推進工事に実績がある場合は磐田市建設工事成績評価要領に基づく項目別評定表（様式第3）の写し | AC69: 国又は地方公共団体の公共工事において、平成24年4月以降に現道拡幅による延長200ｍ以上の土木一式工事を元請として施工した実績を有する者
A70: ④ 品質管理（ISO9001、または、ISO14001）または環境マネジメントシステム（エコアクション21）の認証が | AC70: 国又は地方公共団体の公共工事において、平成24年4月以降に現道拡幅による延長200ｍ以上の土木一式工事を元請として施工した実績を有する者
A71: されている場合は、その認証書の写し | AC71: 国又は地方公共団体の公共工事において、平成24年4月以降に延長200ｍ以上の土木一式工事を元請として施工した実績を有する者
A72: 【配置予定技術者の能力に関する技術資料】
A73: ⑤ 配置予定技術者等の資格・工事経験(様式第5号）
A74: ⑥ 継続教育（CPDまたはCPDS）の証明書等を取得している場合は、各団体が発行する取得単位の証明書の写し
A75: 【企業の地域貢献度等に関する技術資料】
A76: ⑦ 社員の市民雇用率を確認できる資料として、 | Q76: 社員一覧表（別途様式） | V76: を添付する。
A77: 社員とは、正規・非正規に関らず雇用関係にある代表者を含めた全ての社員をいう。
A78: また、市民とは、磐田市に住所を有する者をいい、基準日は令和8年4月1日現在とする。
A79: ⑦ 過去5か年度(令和3年度～令和7年度）磐田市との「災害時における応急対策業務に関する協定」（以下「災
A80: 害協定」という。）に基づく活動実績がある場合は、災害協定書、出動要請書およびその災害応急対策工事完
A81: 了報告書の写し。ただし、活動実績がなく、災害協定のみの場合は、災害協定書の写しを添付する。
A82: 建設機械の所有とは、磐田市との災害協定を締結している者が、建設業法に基づく経営事項審査で
A83: 認定する建設機械）３台以上有していること（自社所有又は長期リースによる保有）。
A84: 建設機械を所有する者は、審査基準日が令和7年度の経営規模等評価結果通知書の写し、
A85: 又は審査基準日が令和6年度の経営規模等評価結果通知書の写しと検査年月日が令和７年度の
A86: 対象機械の特定自主検査記録表の写し（台数分）を添付すること。
A87: また、経営規模等評価結果通知書を添付することができない場合は、下記の書類を添付すること。
A88: 自己所有の場合：売買契約書の写しと特定自主検査記録表の写し
... A95: ⑨ 過去2か年度(令和6年度～令和7年度)の災害対応に関する実動訓練の活動実績を確認できる資料として、行政機関、
D96: 建設業協会等、若しくは代表者の押印等による証明書類、又は新聞記事、地域情報誌による実施を確認する。
D97: 証明書等は、開催者（主催や共催）、訓練の内容、開催時期、参加人数、参加した会社名が判別できる内容
D98: （記事や写真）が記載されているものとする。
D99: ・行政機関（国、県、市）が開催（主催、共催問わず）した訓練を評価対象とする。
D100: ・訓練は災害協定の締結の有無に関わらず評価対象とする。
D101: ・実動訓練の参加者が、申請者当たり複数名以上の場合を評価対象とする。
D102: ※実動訓練とは、建設業が所有する建設用機械（ﾊﾞｯｸﾎｳ、ﾀﾞﾝﾌﾟﾄﾗｯｸ等）や建設用器具（発動発電機、
D103: 土嚢、水中ﾎﾟﾝﾌﾟ、溶接機等）または建設業としての知識技能等を活用し、屋内外で人や物を動かして
D104: 行う訓練をいう。避難訓練、消火活動、炊き出し訓練、呼び出し参集訓練、机上訓練、情報伝達訓練、
D105: 会議、勉強会、研修、打合せ、訓練見学、視察、パトロール等は災害対応に関する実動訓練の対象外。
A106: ⑩ 新卒者又は新規雇用の実績を確認できる資料として以下の資料を添付する。
D107: 【新卒者雇用の場合】
D108: ・「卒業証書」の写し又は「卒業証明書」の写し
D109: ・「健康保険被保険者証」の写し又は」「雇用保険被保険者資格取得確認通知書」の写し
D110: ・「住民票」（提出日以前3ヶ月以内）の写し又は「運転免許証」の写し
D111: 【新規雇用の場合】
...

Sheet 様式第1号(申請書）
A1: 様式第1号（第5条関係） | M1: =+公告文!L11 -> 5142
A5: 入札参加資格確認申請書
H8: 令和 | J8: 年 | L8: 月 | N8: 日
A11: =+公告文!L9 -> 磐 田 市 長 草 地 博 昭 | F11: 様
E14: 所在地
E15: 商号又は名称
E16: 代表者氏名
B19: 下記の工事に係る入札に参加する資格について、確認されたく申請します。なお成年被後見人
A20: 若しくは被保佐人並びに破産者で復権を得ない者でないことを誓約します。
B23: 記
C25: 1 | D25: 公告日 | F25: =+公告文!C5 -> 46303
C27: 2 | D27: 建設工事名 | F27: =公告文!L12 -> 令和8年度
F28: =+公告文!P12 -> 下岡田鮫島線舗装改良工事
C30: 3 | D30: 建設工事箇所 | F30: 磐田市 | G30: =+公告文!N13 -> 鮫島 | I30: 地内

Sheet 内訳書書式
A1: 様式第1号 | M1: 入札番号 | O1: =公告文!L11 -> 5142
A4: 工 事 費 内 訳 書
J6: 令和 | L6: 年 | N6: 月 | P6: 日
H8: 住所
H9: 商号
H10: 氏名
A12: 1 | B12: 公告日 | F12: =公告文!C5 -> 46303
A14: 2 | B14: 建設工事名 | F14: 令和８年度 | H14: =公告文!P12 -> 下岡田鮫島線舗装改良工事
A16: 3 | B16: 建設工事箇所 | F16: 磐田市 | H16: =公告文!N13 -> 鮫島 | I16: 地内
A18: 4 | B18: 工事費内訳
B20: 工 種 | I20: 金 額
O21: 円
O22: 円
O23: 円
O24: 円
O25: 円
O26: 円
O27: 円
O28: 円
O29: 円
O30: 円
O31: 円
O32: 円
... O37: 円

Sheet 内訳書 記載例
A1: 様式第1号 | M1: 入札番号 | O1: =公告文!L11 -> 5142
A4: 工 事 費 内 訳 書
J6: 令和 | L6: 年 | N6: 月 | P6: 日
H8: 住所
H9: 商号
H10: 氏名
A12: 1 | B12: 公告日 | F12: =公告文!C5 -> 46303
A14: 2 | B14: 建設工事名 | F14: 令和８年度 | H14: =公告文!P12 -> 下岡田鮫島線舗装改良工事
A16: 3 | B16: 建設工事箇所 | F16: 磐田市 | H16: =公告文!N13 -> 鮫島 | I16: 地内
A18: 4 | B18: 工事費内訳
B20: 工 種 | I20: 金 額 | R20: ※注釈↓
B21: 直接工事費 計 | I21: 5000000 | O21: 円 | Q21: ①
B22: うち材料費 | I22: 3000000 | O22: 円 | R22: 材料費＋労務費 ≠ 直接工事費
B23: うち労務費 | I23: 1500000 | O23: 円
O24: 円
B25: 共通仮設費 計 | I25: 700000 | O25: 円 | Q25: ②
B26: 現場管理費 | I26: 1300000 | O26: 円 | Q26: ③
B27: うち建退共制度の掛金 | I27: 50000 | O27: 円 | R27: 建退共＋法定福利＋安全衛生≠現場管理費
B28: 工事原価のうち現場労働者の法定福利費 の事業主負担額 | I28: 1100000 | O28: 円
B29: 工事原価のうち安全衛生経費 | I29: 300000 | O29: 円
B30: 一般管理費 | I30: 600000 | O30: 円 | Q30: ④
O31: 円
B32: 工事価格計 | I32: 7600000 | O32: 円 | R32: ①＋②＋③＋④
O33: 円
O34: 円
O35: 円
O36: 円
O37: 円

Sheet 通知書（建設業法第２０条）
A2: 令和 年 月 日
A4: 磐田市長 草地 博昭 様
O6: 所在地
O8: 名称
O10: 代表者名
A12: 通 知 書
A15: 下記のとおり、建設業法第２０条の２第２項に基づき 、 発生するおそれがあると認める工期
A17: 又は請負代金の額 に影響を及ぼす事象に関する情報を通知します。
A19: 記
A21: 工事名：
A23: □ 主要な資機材の供給の不足若しくは遅延又は資機材の価格の高騰
A25: （建設業法施行規則第１３条の１４第２項第１号）
A27: 発生するおそれのある事象※：
B29: 上記事象の状況の把握のため必要な情報の入手先：
A31: ※天災その他自然的又は人為的な事象により生じる発注者と受注者の双方の責めに
A33: 帰することができない もの を記載
A35: □ 特定の建設工事の種類における労務の供給の不足又は価格の高騰
A37: （建設業法施行規則第１３条の１４第２項第２号）
A39: 発生するおそれのある事象※：
B41: 上記事象の状況の把握のため必要な情報の入手先：
A43: ※天災その他自然的又は人為的な事象により生じる発注者と受注者の双方の責めに
A45: 帰することができない もの を記載
A47: その他連絡事項（空欄可）
A53: （注） | C53: １. | D53: 本通知書については、建設業法施行規則第１３条の１４第２項に規定する事象が
D55: 発生するおそれがあると認めるときに提出するものであり、当該事象の発生する
D57: おそれが認められない場合は、提出を求めるものではない。
C60: ２． | D60: 本通知書を提出する場合は、落札決定 （随意契約の場合にあっては、契約の
D62: 相手方の決定） から契約締結までに提出するものとする。
C64: ３． | D64: 「上記事象の状況の把握のため必要な情報 の入手先 」欄においては、 受注予定者
D66: の通常の事業活動において把握でき、メディア記事、資材業者の記者発表あるいは
D68: 公的主体や業界団体などにより作成・更新された一定の客観性を有する統計資料等
D70: に裏付けられた情報を用いること。（一の資材業者の口頭のみによる情報など、
D72: 真偽を確認することが困難である情報は除かれることに留意すること。)
C74: ４． | D74: 本通知書により通知した 事象が契約締結後に顕在化した場合は、建設業法第２０条
D76: の２第３項により、請負契約の変更についての協議を受注者から発注者に対して
D78: 申し出ることができるが、当該協議については、本件工事の請負契約の規定等
D80: （スライド条項の運用基準等を含む。）に基づき対応を行うものであることに留意すること。
C83: ５． | D83: 本通知書を提出していない場合であっても、 本件工事の請負契約の規定に基づき、
D85: 請負契約の変更について発注者に対して受注者から協議を申し出ることができる。

Sheet 総合評価添付資料→

Sheet 添付書類確認書 
A1: 令和８年度 総合評価落札方式 添付書類確認書
A2: 入札番号 | D2: : | E2: =公告文!L11 -> 5142
A3: 工事名 | D3: : | E3: 令和８年度 | I3: =公告文!P12 -> 下岡田鮫島線舗装改良工事
K5: 所 在 地
K6: 商 号
K7: 代表者職・氏名
B9: 下記の該当する項目に「○」をつけること。
X10: 発注者 | Z10: 発注者
A11: ①企業の施工能力について | X11: 確認欄 | Z11: 確認欄
A12: 同種工事 | B12: 同種工事の施工実績 ※1 | I12: 「同種工事実績」あり ・ 「類似工事実績」あり ・ 実績なし
B14: ＣＯＲＩＮＳへの登録 ※2 | I14: あ り ・ な し
A16: 優良工事表彰の有無 ※3 | I16: あ り ・ な し
A18: 週休2日工事の実績 ※4 | I18: ４週８休複数件 ・ ４週８休 ・ なし
A20: ＩＳＯ認証取得状況 ※5 | I20: ISO9001 ・ ISO14001 ・ エコアクション21 ・ なし
B22: ※1 | C22: 過去15か年度(平成23年度～令和7年度）に同種工事又は類似工事を元請として施工した実績をいう。
B23: ※2 | C23: CORINSへの登録がある場合、工事カルテの添付により契約書の写しを省略することができる。
B24: ※3 | C24: 過去2か年度(令和6年度～令和7年度）に受賞をしたものを対象とする。
C25: 表彰日の対象期間は令和6年4月1日から令和8年3月31日とする。※工事名の年度ではない。
B26: ※4 | C26: 過去3か年度(令和5年度～令和7年度）の磐田市発注工事での週休2日推進工事の施工実績をいう。
C27: 週休2日実施工事の磐田市土木工事成績評定基準の項目別評定表（様式第3）を添付すること。
B28: ※5 | C28: ISO9001、14001又はエコアクション21の認証を取得している場合は、認証取得を証する書類の写しを
C29: 添付すること。 | X29: 発注者 | Z29: 発注者
A30: ②配置予定技術者の能力について | X30: 確認欄 | Z30: 確認欄
A31: 評価項目対象資格・免許 ※2 | I31: あ り （ ） ・ な し
A33: 工事経験※1 | B33: 従事役職と同種・類似の区別 | I33: 主任（監理）技術者又は監理技術者補佐として
I34: 「同種工事実績」あり ・ 「類似工事実績」あり ・ 実績なし
I36: 現場代理人として（※上記技術者としての実績がない場合）
I37: 「同種工事実績」あり ・ 「類似工事実績」あり ・ 実績なし
B39: 発注機関名 | I39: 磐田市発注 ・ その他機関の発注
B41: ＣＯＲＩＮＳへの登録 ※3 | I41: あ り （CORINS登録番号： ）・ な し
A43: 継続教育（CPＤ・CPDS）の取組状況※4 | I43: 「継続教育の証明」あり ・ 「継続教育の証明」なし
A45: 優良工事表彰の有無 ※5 | I45: あ り ・ な し
B47: ※1 | C47: 工事経験とは、過去15か年度(平成23年度～令和7年度）に同種工事又は類似工事を主任（監理）技術者・監理
C48: 技術者補佐又は現場代理人として施工した実績。様式第5号に複数の候補者を記載した場合は、資格等
C49: の評価が最も低い者を当該表に記載すること。
B50: ※2 | C50: 「あり」の場合は、その資格の種類を記載すること。
B51: ※3 | C51: CORINSへの登録がある場合は、その登録番号を記載すること。
B52: ※4 | C52: 過去2か年度(令和６年度～令和７年度）のうち任意の1年間とする。
B53: ※5 | C53: 過去5か年度(令和3年度～令和7年度）に受賞したものを対象とする。
C54: 表彰日の対象期間は令和3年4月1日から令和8年3月31日とする。※工事名の年度ではない。
X55: 発注者 | Z55: 発注者
A56: ③企業の社会性、信頼性等について | X56: 確認欄 | Z56: 確認欄
A57: 市内業者施工率 ※1 | I57: １００％ ・ ８０％以上 ・ ８０％未満
A59: 過去5か年度の災害協定に基づく活動実績の有無及び有事の際の備え ※2 | I59: 1.「磐田市との災害協定締結、活動実績及び建設機械所有 あり」
I60: 2.「磐田市との災害協定締結及び活動実績 あり」
I61: 3.「磐田市との災害協定締結及び機械所有 あり」
I62: 4.「磐田市との災害協定締結のみ あり」
A63: 注)1～5の該当する欄に「○」をつける。 | I63: 5.「磐田市との災害協定締結なし」
A64: 令和７年度の地域貢献活動実績の有無 ※3 | I64: 活動の実績あり ・ 活動の実績なし
A66: 過去2か年の災害対応の実動訓練活動実績有無※4 | I66: 活動の実績あり ・ 活動の実績なし
A68: 新卒者等の雇用状況 ※5 | I68: 雇用実績 | K68: 「新卒者雇用の実績」 あり
K70: 「新規雇用の実績」 あり
K72: 「雇用の実績」 なし
A74: 社会的取組に係る認証等の取得状況※6 | I74: ・健康経営優良法人認定（経済産業省） | S74: あり ・ なし
I75: ・まち美化パートナー登録事業所 (道路河川課) | S75: あり ・ なし
I76: ・ゼロカーボンシティいわた賛同 事業者 (環境課) | S76: あり ・ なし
I77: ・消防団協力事業所の登録(磐田市) | S77: あり ・ なし
I78: ・社員の市民雇用率80％以上※7 | S78: あり ・ なし
I79: ・障害者雇用企業登録者名簿の登録(静岡県) | S79: あり ・ なし
I80: ・静岡県次世代育成支援企業認証制度による認定(静岡県) | S80: あり ・ なし
B81: ※1 | C81: 市内業者施工率とは、自社施工分＋下請市内業者（主たる営業所を磐田市内に置く者）の合計と請負
C82: 金額の比率を言う。
B83: ※2 | C83: 過去５か年度（令和３年度～令和７年度）に磐田市と災害協定を締結している場合（ただし、磐田市
C84: 以外の公共団体、国・県・他自治体等との災害協定は評価しない。）は、それを証明する書類を添付
C85: すること。また、活動実績のある場合は、出動要請書等の写しを添付すること。
C86: なお、建設機械を所有する場合は、経営規模等評価結果通知書の写し等根拠資料を添付すること。
B87: ※3 | C87: 令和７年度に地域貢献活動の実績がある場合は、内容がわかる資料を添付すること。
B88: ※4 | C88: 過去2か年度(令和６年度～令和７年度)に実動訓練の実績がある場合は、内容がわかる資料を添付すること。
B89: ※5 | C89: 雇用実績は、市内居住者（雇用後に市内居住者となったものを含む）を雇用し、技術資料提出日まで
C90: 継続雇用の見込みがある場合を評価する。評価の対象となる「新卒者」とは、学校教育法（昭和22年
C91: 法律第26号）第一条で定める中学校、高等学校、中等教育学校、短期大学、大学、大学院及び高等
C92: 専門学校等並びに第百二十四条で定める高等専修学校及び専門学校を、令和6年度中又は令和7年
C93: 度中に卒業し、令和8年3月31日までに雇用された者とする。
C94: また評価の対象となる「新卒者雇用」及び「新規雇用」とは、令和７年度の雇用とする。
B95: ※6 | C95: 各担当機関より発行された証明書等の写しを添付すること。基準日は令和8年3月31日とする。（市民雇用率を除く）
B96: ※7 | C96: 80%以上が確認できる社員一覧表を提出すること。基準日は令和8年4月1日とする。
C97: （社員とは、正規・非正規に関らず雇用関係にある代表者を含めたすべての社員を言う。）
A99: ※ | B99: 配点表(記入例)に従って配点表への記載および提出をお願いします。（相互に確認するため。）
B101: 上記に関する事項で、根拠書類等の提出が必要なものは、その内容がわかる資料を
B102: 別紙として添付し、申請期間内に契約検査課へ持参すること。
B103: また、詳細については、入札公告文（別シート）を確認すること。

Sheet 様式第4号
A1: 様式第4号 | E1: 入札番号 | F1: =公告文!L11 -> 5142
A3: 同種工事の施工実績
A6: 建設工事名
B7: =公告文!L12 -> 令和8年度 | C7: =公告文!P12 -> 下岡田鮫島線舗装改良工事 | E7: 会社名
A9: 項目 NO
B10: 建設工事名
A11: 工事名称等 | B11: 発注機関
B12: 建設工事箇所 | C12: (都道府県・市町村名）
B13: 契約金額
B14: 工期 | C14: 年 月 日～ 年 月 日
B15: 発注形態 | C15: 単体
B16: 規模・寸法
A17: 工事概要等 | B17: 構造形式
B18: 使用機材
B19: 設定条件
A21: （注）契約書の写しまたは発注機関の発注証明書を添付してください。
A22: ※公告において明示した当該工事と同種の工事の施工実績について、的確に判断できる必要最小限の具体的項目を設定する。

Sheet 様式第5号
A1: 様式第5号 | E1: 入札番号 | F1: =公告文!L11 -> 5142
A3: 配置予定技術者等の資格・工事経験
A6: 建設工事名
B7: =公告文!L12 -> 令和8年度 | C7: =公告文!P12 -> 下岡田鮫島線舗装改良工事 | E7: 会社名
A9: 項目 氏名 | C9: 〇〇〇〇
A10: 最 終 学 歴 | C10: 〇〇大学工学部土木工学科
C11: (例) 一級土木工事施工管理技士
C12: 一級建設機械施工技士
A13: 法 令 に よ る 免 許 | C13: 技術士（建設部門、農業土木、林業
C14: 部門の森林部門）
B16: 工事名
A17: 工事概要 | B17: 発注機関
B18: 建設工事箇所 | C18: （都道府県・市町村名）
B19: 契約金額
B20: 工期 | C20: 年 月 日～ 年 月 日
B21: 従事役職 | C21: 現場代理人・監理（主任）技術者
A23: 工 事 内 容
A25: （注）法令等による免許については、免許を証する書面の写しを添付してください。

Sheet 社員一覧表
A1: 社 員 一 覧 表
A4: １．入札番号 | D4: 第 | E4: =公告文!L11 -> 5142 | G4: 号
A5: ２．工 事 名 | D5: =公告文!L12 -> 令和8年度 | F5: =公告文!P12 -> 下岡田鮫島線舗装改良工事
B7: 社員総数 | E7: 人 | F7: 市民雇用数 | I7: 人 | J7: 市民雇用率 | L7: =IF(D7="","",H7/D7*100) | M7: ％
A9: No. | B9: 住 所 | G9: 氏 名 | J9: 市 民
A10: 1 | J10: 該 当 ・ 非該当
A11: 2 | J11: 該 当 ・ 非該当
A12: 3 | J12: 該 当 ・ 非該当
A13: 4 | J13: 該 当 ・ 非該当
A14: 5 | J14: 該 当 ・ 非該当
A15: 6 | J15: 該 当 ・ 非該当
A16: 7 | J16: 該 当 ・ 非該当
A17: 8 | J17: 該 当 ・ 非該当
A18: 9 | J18: 該 当 ・ 非該当
A19: 10 | J19: 該 当 ・ 非該当
A20: 11 | J20: 該 当 ・ 非該当
A21: ※１ 住所は大字までの記入とする。 例）磐田市二之宮
A22: ※２ 基準日は、令和６年４月１日とする。
A23: ※３ 個人情報保護について、今回の社員一覧表については、総合評価落札方式における 評価点を算出する場合にのみ使用し、他の目的では使用いたしません。
A27: No. | B27: 住 所 | G27: 氏 名 | J27: 市 民
J28: 該 当 ・ 非該当
J29: 該 当 ・ 非該当
J30: 該 当 ・ 非該当
J31: 該 当 ・ 非該当
J32: 該 当 ・ 非該当
J33: 該 当 ・ 非該当
J34: 該 当 ・ 非該当
J35: 該 当 ・ 非該当
J36: 該 当 ・ 非該当
J37: 該 当 ・ 非該当
J38: 該 当 ・ 非該当
J39: 該 当 ・ 非該当
... J49: 該 当 ・ 非該当

Sheet 配点表 
C1: 配点表 | D1: =公告文!L11 -> 5142 | F1: =公告文!L12 -> 令和8年度 | G1: =公告文!P12 -> 下岡田鮫島線舗装改良工事
C3: 評価項目・基準 | G3: 配点最大
C4: 過去15か年度の同種工事の施工実績 | D4: 1 | E4: 同種工事の実績あり | G4: 2
D5: 2 | E5: 類似工事の実績あり | G5: 1
D6: 3 | E6: その他 | G6: 0
C7: 過去３か年度における工事成績評定の平均点 | D7: 4 | E7: 83点以上 | G7: 3
D8: 5 | E8: 81点以上83点未満 | G8: 1.5
D9: 6 | E9: 81点未満 | G9: 0
D10: 7 | E10: 64点以下 | G10: -1
C11: 過去２か年度における磐田市優良表彰（請負者）の有無 | D11: 8 | E11: 表彰の実績あり | G11: 2
D12: 9 | E12: 表彰の実績なし | G12: 0
C13: 過去３か年度における週休2日推進工事の施工実績の有無 | D13: 10 | E13: ４週８休以上の実績が複数件あり | G13: 1
D14: 11 | E14: ４週８休以上の実績あり | G14: 0.5
D15: 12 | E15: 実績なし | G15: 0 | K15: 複数の配置技術者を記載する場合はこの表にも記入して下さい。 一番配点の低い技術者の点数を左記の表へ記載して下さい。
C16: 品質管理・環境マネジメントシステムの取り組み状況 | D16: 13 | E16: ISO9001若しくはISO14001、又はｴｺｱｸｼｮﾝの認証を取得済 | G16: 1
D17: 14 | E17: 該当なし | G17: 0 | K17: 氏名
C18: 配置予定技術者の資格 | D18: 15 | E18: 1級土木施工管理技士 その他監理技術者になりうる資格 | G18: 2 | K18: 左記の項目に合わせて点数を記載して下さい。
D19: 16 | E19: 2級土木施工管理技士 その他監理技術者になりうる資格 | G19: 1
D20: 17 | E20: その他 | G20: 0
D21: 18 | E21: １級舗装施工管理技術者 | G21: 1 | K21: 左記の項目に合わせて点数を記載して下さい。
D22: 19 | E22: ２級舗装施工管理技術者 | G22: 0.5
D23: 20 | E23: その他 | G23: 0
C24: 過去15か年度の主任（監理）技術者・監理技術者補佐又は現場代理人としての施工経験の有無（配置予定 技術者） | D24: 21 | E24: 主任（監理）技術者又は監理技術者補佐 | F24: 同種工事の実績あり | G24: 2 | K24: 左記の項目に合わせて点数を記載して下さい。
D25: 22 | F25: 類似工事の実績あり | G25: 1
D26: 23 | E26: 現場代理人 | F26: 同種工事の実績あり | G26: 1 | K26: 左記の項目に合わせて点数を記載して下さい。
D27: 24 | F27: 類似工事の実績あり | G27: 0.5
D28: 25 | E28: その他 | G28: 0
C29: 過去５か年度における磐田市優良表彰（技術者）の有無 | D29: 26 | E29: 表彰の実績あり | G29: 2 | K29: 左記の項目に合わせて点数を記載して下さい。
D30: 27 | E30: 表彰の実績なし | G30: 0
C31: 継続教育(CPD、CPDS）の取組み状況 | D31: 28 | E31: 継続教育の証明あり | G31: 1 | K31: 左記の項目に合わせて点数を記載して下さい。
D32: 29 | E32: 継続教育の証明なし | G32: 0
C33: 市内業者施工率 | D33: 30 | E33: 全て市内業者により施工する場合 | G33: 2 | K33: 合計点数 | L33: =SUM(L18:L32) -> 0 | M33: =SUM(M18:M32) -> 0 | N33: 0 | O33: 0
D34: 31 | E34: 自社施工分と市内業者への下請負額分の合計が請負金額の80%以上の場合 | G34: 1 | K34: 採用者 （最低点）
D35: 32 | E35: 自社施工分と市内業者への下請負額分の合計が請負金額の80%未満の場合 | G35: 0 | K35: ※合計点数が最低点の技術者 の配点を左記の表へ記載して下さい。
C36: 過去５か年度の災害協定等に基づく活動実績及び有事の際の構え | D36: 33 | E36: 災害協定・活動実績・建設機械所有 | G36: 1.5
D37: 34 | E37: 災害協定・活動実績あり | G37: 1
D38: 35 | E38: 災害協定・建設機械の所有 | G38: 1
D39: 36 | E39: 災害協定の締結のみ | G39: 0.5
D40: 37 | E40: 災害協定の締結なし | G40: 0
C41: 令和７年度の地域貢献 の有無 | D41: 38 | E41: 活動の実績あり | G41: 1
D42: 39 | E42: 活動の実績なし | G42: 0
C43: 過去２か年度の災害対応に関する実動訓練の活動実績 の有無 | D43: 40 | E43: 活動の実績あり | G43: 0.5
D44: 41 | E44: 活動の実績なし | G44: 0
C45: 雇用関係 | D45: 42 | E45: 雇用 | F45: 新卒者雇用実績あり | G45: 1
D46: 43 | F46: 新規雇用実績あり | G46: 0.5
D47: 44 | F47: 該当なし | G47: 0
C48: 社会的取組に係る認証等の取得状況 | D48: 45 | E48: ・健康経営優良法人認定 (経済産業省) ・まち美化パートナー登録事業所 (道路河川課) ・ゼロカーボンシティいわた賛同 事業者 (環境課) ・消防団協力事業所の登録(磐田市) ・社員の市民雇用率80％以上※8 ・障害者雇用企業登録者名簿の登録(静岡県) ・静岡県次世代育成支援企業認証制度 による認定(静岡県) | G48: 5項目以上 | H48: 2
G49: 4項目 | H49: 1.5
G50: 3項目 | H50: 1
G51: 2項目 | H51: 0.5
G52: 1項目又は 該当なし | H52: 0
C53: 合 計 | G53: =G4+G7+G11+G13+G16+G18+G21+G24+G29+G31+G33+G36+G41+G43+G45+H48 -> 25 | H53: =SUM(H4:H47)+SUM(I48) -> 0
C54: 換 算 | G54: 20 | H54: =H53*($G$54/$G$53) -> 0

Sheet 配点表記入例
C1: 配点表 | D1: =公告文!L11 -> 5142 | F1: =公告文!L12 -> 令和8年度 | G1: =公告文!P12 -> 下岡田鮫島線舗装改良工事
C3: 評価項目・基準 | G3: 配点最大 | H3: （株）磐田建設
C4: 過去15か年度の同種工事の施工実績 | D4: 1 | E4: 同種工事の実績あり | G4: 2 | H4: 2
D5: 2 | E5: 類似工事の実績あり | G5: 1
D6: 3 | E6: その他 | G6: 0
C7: 過去３か年度における工事成績評定の平均点 | D7: 4 | E7: 83点以上 | G7: 3
D8: 5 | E8: 81点以上83点未満 | G8: 1.5 | H8: 1.5
D9: 6 | E9: 81点未満 | G9: 0
D10: 7 | E10: 64点以下 | G10: -1
C11: 過去２か年度における磐田市優良表彰（請負者）の有無 | D11: 8 | E11: 表彰の実績あり | G11: 2 | H11: 2
D12: 9 | E12: 表彰の実績なし | G12: 0
C13: 過去３か年度における週休2日推進工事の施工実績の有無 | D13: 10 | E13: ４週８休以上の実績が複数件あり | G13: 1
D14: 11 | E14: ４週８休以上の実績あり | G14: 0.5 | H14: 0.5
D15: 12 | E15: 実績なし | G15: 0 | K15: 複数の配置技術者を記載する場合はこの表にも記入して下さい。 一番配点の低い技術者の点数を左記の表へ記載して下さい。
C16: 品質管理・環境マネジメントシステムの取り組み状況 | D16: 13 | E16: ISO9001若しくはISO14001、又はｴｺｱｸｼｮﾝの認証を取得済 | G16: 1 | H16: 1
D17: 14 | E17: 該当なし | G17: 0 | K17: 氏名 | L17: A | M17: B
C18: 配置予定技術者の資格 | D18: 15 | E18: 1級土木施工管理技士 その他監理技術者になりうる資格 | G18: 2 | H18: 2 | K18: 左記の項目に合わせて点数を記載して下さい。 | L18: 2
D19: 16 | E19: 2級土木施工管理技士 その他監理技術者になりうる資格 | G19: 1 | M19: 1
D20: 17 | E20: その他 | G20: 0
D21: 18 | E21: １級舗装施工管理技術者 | G21: 1 | K21: 左記の項目に合わせて点数を記載して下さい。 | L21: 1
D22: 19 | E22: ２級舗装施工管理技術者 | G22: 0.5 | H22: 0.5 | M22: 0.5
D23: 20 | E23: その他 | G23: 0
C24: 過去15か年度の主任（監理）技術者・監理技術者補佐又は現場代理人としての施工経験の有無（配置予定 技術者） | D24: 21 | E24: 主任（監理）技術者又は監理技術者補佐 | F24: 同種工事の実績あり | G24: 2 | K24: 左記の項目に合わせて点数を記載して下さい。 | L24: 2
D25: 22 | F25: 類似工事の実績あり | G25: 1 | H25: 1 | M25: 1
D26: 23 | E26: 現場代理人 | F26: 同種工事の実績あり | G26: 1 | K26: 左記の項目に合わせて点数を記載して下さい。
D27: 24 | F27: 類似工事の実績あり | G27: 0.5
D28: 25 | E28: その他 | G28: 0
C29: 過去５か年度における磐田市優良表彰（技術者）の有無 | D29: 26 | E29: 表彰の実績あり | G29: 2 | K29: 左記の項目に合わせて点数を記載して下さい。
D30: 27 | E30: 表彰の実績なし | G30: 0 | H30: 0 | L30: 0 | M30: 0
C31: 継続教育(CPD、CPDS）の取組み状況 | D31: 28 | E31: 継続教育の証明あり | G31: 1 | H31: 1 | K31: 左記の項目に合わせて点数を記載して下さい。 | L31: 1 | M31: 1
D32: 29 | E32: 継続教育の証明なし | G32: 0
C33: 市内業者施工率 | D33: 30 | E33: 全て市内業者により施工する場合 | G33: 2 | H33: 2 | K33: 合計点数 | L33: =SUM(L18:L32) -> 6 | M33: =SUM(M18:M32) -> 3.5 | N33: 0 | O33: 0
D34: 31 | E34: 自社施工分と市内業者への下請負額分の合計が請負金額の80%以上の場合 | G34: 1 | K34: 採用者 （最低点） | M34: ○
D35: 32 | E35: 自社施工分と市内業者への下請負額分の合計が請負金額の80%未満の場合 | G35: 0 | K35: ※合計点数が最低点の技術者 の配点を左記の表へ記載して下さい。
C36: 過去５か年度の災害協定等に基づく活動実績及び有事の際の構え | D36: 33 | E36: 災害協定・活動実績・建設機械所有 | G36: 1.5
D37: 34 | E37: 災害協定・活動実績あり | G37: 1 | H37: 1
D38: 35 | E38: 災害協定・建設機械の所有 | G38: 1
D39: 36 | E39: 災害協定の締結のみ | G39: 0.5
D40: 37 | E40: 災害協定の締結なし | G40: 0
C41: 令和７年度の地域貢献 の有無 | D41: 38 | E41: 活動の実績あり | G41: 1
D42: 39 | E42: 活動の実績なし | G42: 0 | H42: 0
C43: 過去２か年度の災害対応に関する実動訓練の活動実績 の有無 | D43: 40 | E43: 活動の実績あり | G43: 0.5 | H43: 0.6
D44: 41 | E44: 活動の実績なし | G44: 0
C45: 雇用関係 | D45: 42 | E45: 雇用 | F45: 新卒者雇用実績あり | G45: 1 | H45: 1
D46: 43 | F46: 新規雇用実績あり | G46: 0.5
D47: 44 | F47: 該当なし | G47: 0
C48: 社会的取組に係る認証等の取得状況 | D48: 45 | E48: ・健康経営優良法人認定 (経済産業省) ・まち美化パートナー登録事業所 (道路河川課) ・ゼロカーボンシティいわた賛同 事業者 (環境課) ・消防団協力事業所の登録(磐田市) ・社員の市民雇用率80％以上※8 ・障害者雇用企業登録者名簿の登録(静岡県) ・静岡県次世代育成支援企業認証制度 による認定(静岡県) | G48: 5項目以上 | H48: 2 | I48: 1
G49: 4項目 | H49: 1.5
G50: 3項目 | H50: 1
G51: 2項目 | H51: 0.5
G52: 1項目又は 該当なし | H52: 0
C53: 合 計 | G53: =G4+G7+G11+G13+G16+G18+G21+G24+G29+G31+G33+G36+G41+G43+G45+H48 -> 25 | H53: =SUM(H4:H47)+SUM(I48) -> 17.1
C54: 換 算 | G54: 20 | H54: =H53*($G$54/$G$53) -> 13.68

Sheet 技術者資格表
A1: 総合評価落札方式 加点対象技術者資格表
A2: 建設工事の種類 | B2: 配置予定技術者の資格要件
B3: 監理技術者になりうる資格 （技術者資格配点2.0点） | C3: 主任技術者になりうる資格 （技術者資格配点1.0点）
A4: 土木一式工事 （下水道工事） | B4: 1級土木施工管理技士 | C4: 2級土木施工管理技士（種別土木）
B5: 1級建設機械施工技士 | C5: 2級建設機械施工技士(第1種～第6種）
B6: 技術士建設部門(すべて）
B7: 技術士農業部門（農業農村工学）
B8: 技術士森林部門（森林土木）
B9: 技術士水産部門（水産土木）
B10: 技術士総合技術監理部門
B11: （建設）
B12: （農業-農業農村工学）
B13: （森林-森林土木）
B14: （水産-水産土木）
A15: 舗装工事 | B15: 1級土木施工管理技士 | C15: 2級土木施工管理技士（種別土木）
B16: 1級建設機械施工技士 | C16: 2級建設機械施工技士(第1種～第6種）
B17: 技術士建設部門(すべて） | C17: 登録運動施設基幹技能者
B18: 技術士総合技術監理部門（建設）
A19: 水道工事(管工事） | B19: 1級管工事施工管理技士 | C19: 2級管工事施工管理技士
B20: 技術士機械部門（熱・動力エネルギー機器・流体機器） | C20: 給水装置工事主任技術者（実務経験1年）
B21: 技術士上下水道部門(すべて） | C21: 登録配管基幹技能者
B22: 技術士衛生工学部門(すべて） | C22: 登録ダクト基幹技能者
B23: 技術士総合技術監理部門 | C23: 登録冷凍空調基幹技能者
B24: （機械-熱・動力エネルギー機器） | C24: 建築設備士（実務経験1年）
B25: （機械-流体機器） | C25: 計装士（実務経験1年）
B26: （上下水道）
B27: （衛生工学）
